 Dungeon Crawl Stone Soup version 0.28.0-45-g0d030f2227 (webtiles) character file.

Game seed: 13418649360616016354

30400 nickcage the Carver (level 13, -5/107 HPs)
             Began as a Demonspawn Abyssal Knight on Apr 13, 2022.
             Was an Elder of Lugonu.
             Slain by a cane toad (15 damage)
             ... on level 2 of the Lair of Beasts.
             The game lasted 00:52:03 (18371 turns).

nickcage the Carver (Demonspawn Abyssal Knight)    Turns: 18371, Time: 00:52:03

Health: -5/107     AC: 24    Str: 24    XL:     13   Next: 20%
Magic:  14/14      EV:  7    Int: 12    God:    Lugonu [****..]
Gold:   249        SH:  7    Dex: 19    Spells: 12/12 levels left

rFire   . . .      SeeInvis .   C - +4 long sword of Gatod {freeze, rN+ Str+5}
rCold   . . .      Faith    .   c - +1 buckler
rNeg    + . .      Spirit   .   g - +0 plate armour
rPois   .          Reflect  .   m - +1 helmet
rElec   .          Harm     .   G - +1 cloak
rCorr   .          Rampage  .   Q - +0 pair of gloves
Will    .....                   S - +0 pair of boots
Stlth   ..........              (no amulet)
HPRegen 0.27/turn               P - +4 ring of slaying
MPRegen 0.14/turn               u - +6 ring of dexterity

@: mighty, studying Armour
A: rugged brown scales 1, foul stench 3, powered by pain 2, weakness stinger 2
a: Renounce Religion, Depart the Abyss, Bend Space, Banish, Corrupt


You were on level 2 of the Lair of Beasts.
You worshipped Lugonu.
Lugonu was greatly pleased with you.
You visited 2 branches of the dungeon, and saw 15 of its levels.
You visited the Abyss 2 times.

You collected 688 gold pieces.
You spent 439 gold pieces at shops.

Inventory:

Hand Weapons
 a - a +2 vorpal morningstar
 k - a +4 short sword of venom
 A - a +3 falchion of electrocution
 C - the +4 long sword of Gatod (weapon) {freeze, rN+ Str+5}
   (You found it on level 6 of the Dungeon)

   It freezes those it strikes, dealing additional cold damage.
   It can also slow down cold-blooded creatures.
   Str:       It affects your strength (+5).
   rN:        It protects you from negative energy.
Missiles
 h - 22 poisoned darts (quivered)
Armour
 c - a +1 buckler (worn)
 g - a +0 plate armour (worn)
 m - a +1 helmet (worn)
 s - a +4 ring mail
 G - a +1 cloak (worn)
 Q - a +0 pair of gloves (worn)
 S - a +0 pair of boots (worn)
Jewellery
 j - a +4 ring of protection
 q - a ring of resist corrosion
 u - a +6 ring of dexterity (right hand)
 I - a ring of wizardry
 O - a ring of see invisible
 P - a +4 ring of slaying (left hand)
Wands
 o - a wand of iceblast (30)
 v - a wand of polymorph (3)
 y - a wand of acid (23)
 z - a wand of mindburst (4)
 J - a wand of flame (12)
 N - a wand of digging (2)
Scrolls
 b - 2 scrolls of noise
 e - 3 scrolls of teleportation
 i - 3 scrolls of enchant weapon
 n - a scroll of fog
 w - 3 scrolls of identify
 x - a scroll of amnesia
 B - a scroll of immolation
 E - a scroll of vulnerability
 H - 4 scrolls of fear
 K - 4 scrolls of magic mapping
Potions
 d - 2 potions of attraction
 f - a potion of cancellation {unknown}
 l - a potion of flight {unknown}
 p - 3 potions of lignification
 r - 2 potions of invisibility {unknown}
 t - 2 potions of degeneration
 D - 5 potions of curing
 F - a potion of resistance {unknown}
 L - a potion of magic {unknown}
Miscellaneous
 R - a condenser vane


   Skills:
 + Level 10.5 Fighting
 - Level 14.6 Long Blades
 - Level 3.4 Maces & Flails
 - Level 0.7 Throwing
 - Level 12.5 Armour
 - Level 0.8 Dodging
 * Level 6.8 Shields
 - Level 2.4 Invocations


You had 12 spell levels left.
You didn't know any spells.
Your spell library contained the following spells:

 Spells                   Type           Power      Damage    Failure   Level
 Magic Dart               Conj           0%         1d3       98%         1
 Sting                    Tmut/Pois      0%         1d3       98%         1
 Poisonous Vapours        Pois/Air       0%         N/A       99%         2
 Frozen Ramparts          Ice            0%         1d2       100%        3
 Gell's Gravitas          Tloc           0%         N/A       100%        3
 Teleport Other           Tloc           0%         N/A       100%        3
 Ice Form                 Ice/Tmut       0%         N/A       100%        4
 Olgreb's Toxic Radiance  Pois           0%         N/A       100%        4
 Summon Ice Beast         Ice/Summ       0%         N/A       100%        4
 Dispersal                Tloc           0%         N/A       100%        6


Dungeon Overview and Level Annotations

Branches:
Dungeon (12/15)            Temple (0/1) D:4            Lair (3/6) D:11
    Orc (0/2) D:12
  Swamp: Lair:2-4    Shoals: Lair:2-4     Snake: Lair:2-4    Spider: Lair:2-4

Altars:
Cheibriados
Dithmenos
Elyvilon
Fedhas
Gozag
Hepliaklqana
Kikubaaqudgha
Makhleb
Nemelex Xobeh
Qazlal
Sif Muna
Trog
Vehumet
Xom
Zin
The Shining One

Shops:
D:6 ((=   D:9 *

Annotations:
D:12 Fannar, Urug


Innate Abilities, Weirdness & Mutations

You are partially covered in rugged brown scales. (AC +1, +3% HP)
You frequently emit foul miasma when damaged in melee.
You sometimes gain power by taking damage.
You have a tail ending in a sharp stinger.


Message History

* * * LOW HITPOINT WARNING * * *
You feel extremely sick.
The water moccasin bites the bush but does no damage.
The cane toad is engulfed in dark miasma.
The cane toad seems to slow down.
The cane toad stings you!
* * * LOW HITPOINT WARNING * * *
You focus on the pain.
You feel very mighty all of a sudden.
The cane toad stings you but does no damage.
The cane toad barely misses you.
The water moccasin completely misses the bush.
You climb upwards.
* * * LOW HITPOINT WARNING * * *
You feel extremely sick.
There is a stone staircase leading down here.
You feel much better.
You feel very sick. The cane toad barely misses you. The cane toad stings you!
* * * LOW HITPOINT WARNING * * *
You are lethally poisoned!
The cane toad poisons you!
You emit a cloud of foul miasma!
The cane toad barely misses you. The cane toad stings you.
* * * LOW HITPOINT WARNING * * *
You are more poisoned.
The cane toad poisons you!
You slice the cane toad!! You freeze the cane toad.
You kill the cane toad!
Lugonu accepts your kill.
* * * LOW HITPOINT WARNING * * *
You feel extremely sick.
The cane toad stings you but does no damage. x2
You feel much better.
* * * LOW HITPOINT WARNING * * *
You feel extremely sick.
The cane toad stings you but does no damage.
The cane toad stings you!
* * * LOW HITPOINT WARNING * * *
You emit a cloud of foul miasma!
It was a potion of curing.
You feel better. The cane toad stings you!
You die...

.................PP.######.......
......................#.##.......
.................................
.................................
..................#..............
.....................#.P#P.......
........##...........#####P.###..
........##.#..#F.##..# ##### ##.
..........###.#F@##..####.#####..
.................☼#.<#.........#.
.................##..P...........
...........####..##............#.
.........#####......#..........#.
..^.....#[#...........###..##P...
........##....##.##....####.##...
.......##....#.......#..######..#
.......#..#..............####..#.


You could see 2 cane toads.

Vanquished Creatures
  Gastronok (Lair:2)
  Josephine (D:11)
  3 hydras
  Erolcha (D:10)
  3 two-headed ogres
  Nergalle (D:11)
  3 cyclopes (D:11)
  2 ugly things
  A manticore (D:11)
  Joseph (D:9)
  A black mamba (Lair:1)
  Maurice (D:8)
  4 molten gargoyles (D:10)
  10 cane toads
  Maggie (D:8)
  2 gargoyles (D:12)
  A rime drake (Lair:1)
  Psyche (D:8)
  3 komodo dragons
  An unseen horror (D:11)
  4 trolls
  A hornet (D:8)
  Grinder (D:6)
  4 blink frogs (Lair:2)
  Prince Ribbit (D:9)
  6 wraiths
  2 wyverns (D:9)
  27 yaks
  Grum (D:8)
  Duvessa (D:7)
  12 water moccasins
  An acid dragon (D:12)
  2 orc warriors
  A sky beast (D:6)
  A hornet zombie (D:6)
  3 ice beasts
  3 black bears
  7 necrophages
  4 centaurs
  8 wolves
  A phantom (D:4)
  A kobold brigand (D:7)
  A wyvern zombie (D:8)
  9 bullfrogs
  A gnoll sergeant (D:9)
  2 scorpions
  Dowan (D:7)
  A water moccasin skeleton (D:6)
  A killer bee (D:8)
  2 electric eels
  2 wights (D:7)
  A howler monkey (D:4)
  7 centaur zombies
  A bullfrog skeleton (D:5)
  4 hounds
  A centaur skeleton (D:7)
  A gnoll shaman (D:4)
  2 iguanas (D:5)
  2 orc wizards
  3 killer bee zombies (D:7)
  A hound zombie (D:5)
  A mummy (D:7)
  A howler monkey zombie (D:9)
  9 gnolls
  9 adders
  A white imp (D:6)
  2 worms
  3 dart slugs
  16 orcs
  6 bats
  7 endoplasms
  4 giant cockroaches
  2 goblins
  5 hobgoblins
  5 jackals
  A quokka (D:2)
  2 ball pythons (D:2)
  2 frilled lizards
  9 kobolds
  4 rats (D:2)
266 creatures vanquished.

Vanquished Creatures (others)
  65 fungi
  80 plants
145 creatures vanquished.

Grand Total: 411 creatures vanquished

Notes
Turn   | Place    | Note
-------+----------+-------------------------------------------
     0 | Abyss:1  | nickcage the Demonspawn Abyssal Knight began the quest for
                  | the Orb.
     0 | Abyss:1  | Reached XP level 1. HP: 18/18 MP: 2/2
     7 | D:1      | Escaped the Abyss
    29 | D:1      | Reached skill level 2 in Long Blades
   220 | D:1      | Gained mutation: You may rarely emit foul miasma when
                  | damaged in melee. [demonic ancestry]
   220 | D:1      | Reached XP level 2. HP: 6/24 MP: 3/3
   861 | D:1      | Reached skill level 3 in Long Blades
   970 | D:1      | Reached XP level 3. HP: 29/29 MP: 4/4
  1439 | D:2      | Found a faded altar of an unknown god.
  1457 | D:2      | Reached ** piety under Lugonu
  1962 | D:3      | Noticed a scorpion
  1973 | D:3      | Killed a scorpion
  1974 | D:3      | Reached skill level 4 in Long Blades
  1974 | D:3      | Reached skill level 1 in Shields
  1974 | D:3      | Gained mutation: You have a small tail. [demonic ancestry]
  1974 | D:3      | Reached XP level 4. HP: 35/35 MP: 5/5
  2130 | D:3      | Found a sparkling altar of Nemelex Xobeh.
  3006 | D:4      | Gained mutation: You sometimes emit foul miasma when
                  | damaged in melee. [demonic ancestry]
  3006 | D:4      | Reached XP level 5. HP: 41/41 MP: 6/6
  3070 | D:4      | HP: 1/41 [gnoll/+2 spear of flaming (2)]
  3073 | D:4      | Reached skill level 5 in Long Blades
  3076 | D:4      | HP: 2/41 [gnoll/+2 spear of flaming (1)]
  3254 | D:4      | Found a staircase to the Ecumenical Temple.
  3339 | D:4      | Noticed a phantom
  3343 | D:4      | Found a shadowy altar of Dithmenos.
  3354 | D:4      | Killed a phantom
  3355 | D:4      | Gained mutation: You are partially covered in rugged brown
                  | scales. (AC +1, +3% HP) [demonic ancestry]
  3355 | D:4      | Reached XP level 6. HP: 31/48 MP: 7/7
  3616 | D:4      | Reached skill level 6 in Long Blades
  3816 | D:4      | Gained mutation: You have a tail ending in a sharp stinger.
                  | [demonic ancestry]
  3816 | D:4      | Reached XP level 7. HP: 50/53 MP: 8/8
  3885 | D:5      | Entered Level 5 of the Dungeon
  4166 | D:5      | Reached *** piety under Lugonu
  4167 | D:5      | Reached skill level 7 in Long Blades
  4228 | D:5      | Identified a scroll of acquirement
  4228 | D:5      | Acquired a manual of Armour
  4570 | D:5      | Found a faded altar of an unknown god.
  4570 | D:5      | Found a hazy altar of Hepliaklqana.
  4572 | D:5      | Found a faded altar of an unknown god.
  4800 | D:6      | Found a radiant altar of Vehumet.
  4803 | D:6      | Got Vehumet's Grimoire of Battle Magic
  4825 | D:6      | Noticed Grinder
  4832 | D:6      | Paralysed by Grinder for 3 turns
  4838 | D:6      | Reached skill level 5 in Armour
  4838 | D:6      | Paralysed by Grinder for 3 turns
  5063 | D:6      | Gained mutation: You frequently emit foul miasma when
                  | damaged in melee. [demonic ancestry]
  5063 | D:6      | Reached XP level 8. HP: 46/59 MP: 9/9
  5378 | D:6      | Paralysed by Grinder for 5 turns
  5390 | D:6      | Paralysed by Grinder for 5 turns
  5391 | D:6      | Killed Grinder
  5560 | D:6      | Found a snail-covered altar of Cheibriados.
  5668 | D:6      | Found an ancient bone altar of Kikubaaqudgha.
  5861 | D:6      | Found Hevuar's Jewellery Shoppe.
  5863 | D:6      | Found Huvoowk's Antique Weapon Emporium.
  5869 | D:6      | Found Igaiph's Weapon Shoppe.
  5943 | D:6      | Bought a runed falchion for 180 gold pieces
  6000 | D:6      | Identified the +4 long sword of Gatod {freeze, rN+ Str+5}
  6017 | D:6      | Found a shimmering blue altar of Sif Muna.
  6181 | D:7      | Gained mutation: You sometimes gain a little power by
                  | taking damage. [demonic ancestry]
  6181 | D:7      | Reached XP level 9. HP: 60/66 MP: 10/10
  6223 | D:7      | Noticed Duvessa
  6223 | D:7      | Noticed Dowan
  6231 | D:7      | Noticed a troll
  6244 | D:7      | Killed a troll
  6248 | D:7      | Killed Duvessa
  6249 | D:7      | Reached skill level 10 in Armour
  6251 | D:7      | Killed Dowan
  6590 | D:7      | Reached skill level 5 in Fighting
  6877 | D:7      | Found a bloodstained altar of Trog.
  6963 | D:7      | Reached skill level 8 in Long Blades
  7307 | D:8      | Found a shimmering altar of Xom.
  7313 | D:8      | Noticed Psyche
  7328 | D:8      | Killed Psyche
  7352 | D:8      | Noticed a two-headed ogre
  7362 | D:8      | Killed a two-headed ogre
  7363 | D:8      | Reached XP level 10. HP: 41/79 MP: 11/11
  7568 | D:8      | Noticed Maurice
  7580 | D:8      | Killed Maurice
  7593 | D:8      | Noticed Maggie
  7629 | D:8      | Killed Maggie
  7629 | D:8      | Reached **** piety under Lugonu
  7630 | D:8      | Reached skill level 9 in Long Blades
  7974 | D:8      | Noticed a two-headed ogre
  7975 | D:8      | Noticed Grum
  8295 | D:8      | Found a stormy altar of Qazlal.
  8347 | D:8      | Killed a two-headed ogre
  8351 | D:8      | Killed Grum
  8764 | D:9      | Noticed Joseph
  8787 | D:9      | Killed Joseph
  8863 | D:9      | Paralysed by a hornet for 1 turns
  8863 | D:9      | Noticed Prince Ribbit
  8881 | D:9      | Paralysed by a hornet for 2 turns
  9193 | D:9      | Killed Prince Ribbit
  9194 | D:9      | Reached skill level 10 in Long Blades
  9341 | D:9      | Found an opulent altar of Gozag.
  9424 | D:9      | Found Yracwoon's General Store.
  9427 | D:9      | Bought a scroll of fear for 49 gold pieces
  9878 | D:9      | Found a blossoming altar of Fedhas.
 10031 | D:10     | Entered Level 10 of the Dungeon
 10208 | D:10     | Noticed a molten gargoyle
 10218 | D:10     | Noticed a molten gargoyle
 10615 | D:10     | Reached skill level 11 in Long Blades
 10615 | D:10     | Reached XP level 11. HP: 85/88 MP: 12/12
 10650 | D:10     | Noticed Erolcha
 10658 | D:10     | Cast into level 2 of the Abyss (Erolcha)
 10659 | D:10     | Escaped the Abyss
 10664 | D:10     | Killed Erolcha
 10723 | D:10     | Noticed a cyan ugly thing
 10735 | D:10     | Killed a cyan ugly thing
 11644 | D:10     | Reached skill level 12 in Long Blades
 11871 | D:10     | Found a burning altar of Makhleb.
 12191 | D:11     | Noticed Nergalle
 12197 | D:11     | Noticed a spectral orc warlord
 12208 | D:11     | Killed Nergalle
 12629 | D:11     | Reached skill level 13 in Long Blades
 12637 | D:11     | Noticed a two-headed ogre
 12637 | D:11     | Noticed a cyan ugly thing
 12892 | D:11     | Killed a two-headed ogre
 12900 | D:11     | Killed a cyan ugly thing
 13007 | D:11     | Found a staircase to the Lair.
 13024 | D:11     | Noticed Josephine
 13033 | D:11     | Killed Josephine
 13034 | D:11     | Reached skill level 14 in Long Blades
 13034 | D:11     | Gained mutation: You sometimes gain power by taking damage.
                  | [demonic ancestry]
 13034 | D:11     | Reached XP level 12. HP: 86/94 MP: 13/13
 13687 | Lair:1   | Entered Level 1 of the Lair of Beasts
 14301 | Lair:1   | Noticed an eight-headed hydra
 14475 | D:6      | Bought a glowing morningstar for 210 gold pieces
 14764 | D:12     | Found a staircase to the Orcish Mines.
 14786 | D:12     | Reached skill level 1 in Maces & Flails
 15544 | D:12     | Noticed Fannar
 15576 | D:12     | Noticed Urug
 15980 | Lair:1   | Killed a nine-headed hydra
 16254 | Lair:1   | Noticed an eight-headed hydra
 16261 | Lair:1   | Killed an eight-headed hydra
 16793 | Lair:2   | Reached skill level 5 in Shields
 16880 | Lair:2   | Noticed Gastronok
 16924 | Lair:2   | Killed Gastronok
 17252 | Lair:2   | You fall into a shaft and drop 1 floor!
 17498 | Lair:3   | Reached XP level 13. HP: 84/106 MP: 14/14
 17595 | Lair:2   | Reached skill level 10 in Fighting
 18180 | Lair:2   | Found a shimmering blue altar of Sif Muna.
 18367 | Lair:2   | HP: 5/107 [poisoned by a cane toad]
 18369 | Lair:2   | HP: 2/107 [poisoned by a cane toad]
 18371 | Lair:2   | Slain by a cane toad

Illustrated notes

Levels and vault maps discovered:
D:1:      psy_arrival_terrarium, layout_basic, serial_aquarium,
          aquarium_bridge_straight [aquarium_subvault_bridge,
          aquarium_subvault_window, aquarium_subvault_bridge,
          aquarium_subvault_window], aquarium_window_corridor_1,
          aquarium_window_1, aquarium_window_corner, aquarium_view_2c,
          aquarium_view_2a, hangedman_abyss_or_decor_lesser_grid
D:2:      layout_rooms, ebering_ecumenical_altar_sacrificial
D:3:      layout_basic, mainiacjoe_overflow_catwalk,
          mainiacjoe_overflow_alcove_1
D:4:      layout_basic, nicolae_dithmenos_through_a_glass_darkly,
          minmay_temple_entry_drinking_statues, minmay_liquid_box
D:5:      layout_rooms, nicolae_hepliaklqana_ecumenical_no_more
D:6:      layout_basic, grunt_temple_overflow_magic_moments,
          mainiacjoe_overflow_small_starburst, minivault_10,
          nicolae_wooded_promenade, uniq_grinder
D:7:      layout_gridville, general_overflow_altar, serial_undead,
          serial_undead_e, serial_undead_f, serial_undead_d, serial_undead_e,
          uniq_duvessa
D:8:      layout_cave_pools, marbit_many_paths, mainiacjoe_overflow_chevrons,
          uniq_grum, uniq_maurice, uniq_psyche, uniq_maggie
D:9:      layout_long_grid, mainiacjoe_overflow_boulevard,
          fedhas_bush_and_centaur_altar, serial_shops,
          nicolae_shop_behind_doors, uniq_joseph, uniq_prince_ribbit1
D:10:     layout_cave_pools, nicolae_overflow_hidden_temple, minivault_8,
          uniq_erolcha
D:11:     layout_loops_ring, due_lair_maze_entry_diamond, uniq_josephine,
          uniq_nergalle
D:12:     layout_loops_ring, orc_0_dummy, uniq_fannar, uniq_urug
Lair:1:   layout_regular_city, grunt_forest_small_clearing_treed,
          grunt_megastairs_4, lemuel_fruit_fields
Lair:2:   layout_gridlike, basic_altar, nicolae_lair_lil_pond,
          grunt_megastairs_2, uniq_gastronok
Lair:3:   layout_gridlike, guppyfry_snake_entry_garden, beast_lair_carwin_2,
          grunt_megastairs_1, serial_bayou_shore_a, lemuel_fruit_fields,
          lemuel_fruit_tree

Skill      XL: |  1  2  3  4  5  6  7  8  9 10 11 12 13 |
---------------+----------------------------------------+-----
Long Blades    | 2 3 4 5 6 7 8 11 14 | 14.6
Shields        | 1 2 3 6 |  6.8
Armour         | 6 9 11 12 | 12.5
Fighting       | 4 6 8 9 10 | 10.5
Maces & Flails | 3 |  3.4
Throwing       | |  0.7
Dodging        | |  0.8
Invocations    | |  2.4

Action                   |  1- 3 |  4- 6 |  7- 9 | 10-12 | 13-15 || total
-------------------------+-------+-------+-------+-------+-------++-------
Melee: Falchion          |   109 |       |       |       |       ||   109
       Short sword       |     2 |    94 |   159 |       |       ||   255
       Tailslap          |       |     8 |    46 |   104 |    18 ||   176
       Long sword        |       |       |   108 |   527 |    62 ||   697
       Morningstar       |       |       |       |     8 |     2 ||    10
Throw: Dart              |       |       |     5 |    31 |       ||    36
Invok: Depart the Abyss  |       |       |       |     1 |       ||     1
  Use: Scroll            |     1 |       |     7 |    11 |       ||    19
       Potion            |       |     2 |       |     2 |     3 ||     7
Armor: Leather armour    |    39 |       |       |       |       ||    39
       Plate armour      |    11 |    54 |   195 |   275 |    37 ||   572
Dodge: Dodged            |    81 |    16 |    59 |   137 |    11 ||   304
Block: Buckler           |    27 |    10 |    66 |   137 |    15 ||   255
